 Dungeon Crawl Stone Soup version 0.30-a0-622-gddc90eaa04 (webtiles) character file.

Game seed: 6575259853509267788

149 voltaire321 the Covered (level 5, -3/47 HPs)
             Began as a Minotaur Fighter on Jan 10, 2023.
             Slain by a river rat (5 damage)
             ... summoned by Eustachio
             ... on level 4 of the Dungeon.
             The game lasted 00:05:11 (2041 turns).

voltaire321 the Covered (Minotaur Fighter)          Turns: 2041, Time: 00:05:11

Health: -3/47      AC:  9    Str: 21      XL:     5   Next: 9%
Magic:  4/4        EV:  7    Int:  7      God:
Gold:   172        SH:  4    Dex:  8 (9)  Spells: 4/4 levels left

rFire   . . .      SeeInvis .    a - +0 war axe
rCold   . . .      Faith    .    c - +0 buckler
rNeg    . . .      Spirit   .    q - +0 chain mail
rPois   .          Reflect  .    (helmet restricted)
rElec   .          Harm     .    (no cloak)
rCorr   .          Rampage  .    (no gloves)
Will    .....                    (no boots) Stlth
                                 (no amulet)
HPRegen 0.27/turn                (no ring)
MPRegen 0.09/turn                (no ring)

@: no status effects
A: horns 2, retaliatory headbutt
a: no special abilities


You were on level 4 of the Dungeon.
You visited 1 branch of the dungeon, and saw 4 of its levels.

You collected 172 gold pieces.

Inventory:

Hand Weapons
 a - a +0 war axe (weapon)
Missiles
 s - 8 poisoned darts (quivered)
Armour
 b - a +0 scale mail
 c - a +0 buckler (worn)
 q - a +0 chain mail (worn)
Jewellery
 j - a +6 ring of intelligence
 v - an amulet of guardian spirit
Wands
 h - a wand of light (11)
Scrolls
 e - a scroll of acquirement {unknown}
 f - 2 scrolls of enchant armour {unknown}
 i - a scroll of magic mapping {unknown}
 l - a scroll of noise {unknown}
 o - a scroll of amnesia {unknown}
 t - a scroll of teleportation {unknown}
 u - a scroll of enchant weapon {unknown}
Potions
 d - a potion of might
 g - a potion of curing
 k - a potion of berserk rage
 m - a potion of mutation
 n - a potion of haste {unknown}
 p - a potion of lignification
 r - 2 potions of magic


   Skills:
 + Level 4.4 Fighting
 + Level 3.4 Axes
 + Level 0.3 Throwing
 + Level 4.5 Armour
 + Level 2.1 Dodging
 + Level 4.4 Shields
 + Level 0.2 Evocations


You had 4 spell levels left.
You didn't know any spells.
Your spell library contained the following spells:

 Spells                   Type           Power      Damage    Failure   Level
 Blink                    Tloc           0%         N/A       100%        2
 Manifold Assault         Tloc           0%         N/A       100%        4
 Storm Form               Tmut/Air       0%         N/A       100%        7


Dungeon Overview and Level Annotations

Branches:
Dungeon (4/15)
 Temple: D:4-7

Altars:

Shops:
D:1 !

Annotations:
D:4 Eustachio


Innate Abilities, Weirdness & Mutations

You have a pair of horns on your head.
You reflexively headbutt those who attack you in melee.


Message History

You barely miss the gnoll. You headbutt the gnoll!
You kill the gnoll!
You hit the hobgoblin. You closely miss the bat.
You hit Eustachio but do no damage. The bat hits you but does no damage. x2
You block the hobgoblin's attack.
Eustachio gestures wildly while chanting.
The gnoll hits you but does no damage.
You have reached level 5!
The iron imp disappears in a puff of smoke!
The white imp disappears in a puff of smoke!
The bat hits you but does no damage.
The river rat bites you but does no damage.
Eustachio hits you but does no damage. The gnoll hits you with a +0 spear.
* * * LOW HITPOINT WARNING * * *
You see here a +0 whip.
You feel better.
A hound comes into view.
The quasit bites you.
* * * LOW HITPOINT WARNING * * *
The quasit claws you but does no damage.
The quasit closely misses you. You block the hobgoblin's attack.
Eustachio barely misses you. The river rat bites you.
* * * LOW HITPOINT WARNING * * *
The gnoll barely misses you. You furiously retaliate!
You headbutt the gnoll!
You kill the gnoll!
You barely miss Eustachio.
Eustachio is heavily wounded.
You closely miss the quasit.
The hound barks!
You hit the crimson imp. You slash the river rat!
You closely miss the hobgoblin. You closely miss the quasit.
You block the quasit's attack.
The quasit claws you but does no damage.
The quasit barely misses you.
The quasit bites you but does no damage.
The quasit barely misses you. The quasit claws you.
* * * LOW HITPOINT WARNING * * *
You feel clumsy. The river rat bites you.
You die...

....>......|# ........5
##....##....###........
#...............#......
#...............#......
..........#.#....<.....
.........####.........#
..........##.b§...##..
.........#.r@5§.......
...........g@5....##..
.......##5.......
......# ###.#...#
...... .###..# ...h. ..
... ..... ... .. ....
##. ....


You could see Eustachio, a hound, 2 quasits, a crimson imp (summoned), a river
rat (summoned), a hobgoblin and a bat (summoned).

Vanquished Creatures
  3 adders
  4 gnolls (D:4)
  5 dart slugs
  2 orcs (D:3)
  3 bats
  9 endoplasms
  2 giant cockroaches
  10 goblins
  4 hobgoblins
  7 kobolds
  2 quokkas
  8 ball pythons
  3 frilled lizards (D:2)
  7 rats
69 creatures vanquished.

Notes
Turn   | Place    | Note
-------+----------+-------------------------------------------
     0 | D:1      | voltaire321 the Minotaur Fighter began the quest for the
                  | Orb.
     0 | D:1      | Reached XP level 1. HP: 19/19 MP: 0/0
     9 | D:1      | Found Gurin's Distillery.
   156 | D:1      | Reached XP level 2. HP: 27/27 MP: 1/1
   360 | D:1      | Reached skill level 1 in Dodging
   678 | D:2      | Reached XP level 3. HP: 30/33 MP: 2/2
  1351 | D:3      | Reached XP level 4. HP: 40/40 MP: 3/3
  2017 | D:4      | Noticed Eustachio
  2037 | D:4      | HP: 1/41 [gnoll/+0 spear (4)]
  2039 | D:4      | Reached XP level 5. HP: 2/47 MP: 4/4
  2041 | D:4      | Slain by a river rat

Illustrated notes

Levels and vault maps discovered:
D:1:      wander_arrival_lonely_grave, layout_loops_ring, serial_shops,
          nicolae_square_shop
D:2:      layout_basic
D:3:      layout_basic
D:4:      layout_cave_pools, minmay_temple_entry_proselytizer,
          portal_sewer_entry_b, serial_bayou_pond_c, uniq_eustachio

Skill      XL: |  1  2  3  4 |
---------------+-------------+-----
Dodging        | 1 2 |  2.1
Armour         | 4 |  4.5
Fighting       | 4 |  4.4
Shields        | 4 |  4.4
Axes           | 3 |  3.4
Throwing       | |  0.3
Evocations     | |  0.2

Action                   |  1- 3 |  4- 6 || total
-------------------------+-------+-------++-------
Melee: War axe           |    91 |    51 ||   142
       Headbutt          |     9 |     9 ||    18
  Use: Scroll            |       |     6 ||     6
       Potion            |       |     1 ||     1
Armor: Scale mail        |    58 |     1 ||    59
       Chain mail        |       |    42 ||    42
Dodge: Dodged            |    29 |    28 ||    57
Block: Buckler           |    16 |    25 ||    41

Table legend: (Time is in decaauts)
 A = Elapsed time spent in this place.
 B = Non-inter-level travel time spent in this place.
 C = Inter-level travel time spent in this place.
 D = Time resting spent in this place.
 E = Time spent auto-exploring this place.
 F = Levels seen in this place.
 G = Mean time per level.
                   A        B        C        D        E       F      G
               +--------+--------+--------+--------+--------+-----+--------+
         Total |   2095 |   2043 |     52 |     80 |   1421 |   4 |  523.8 |
       Dungeon |   2095 |   2043 |     52 |     80 |   1421 |   4 |  523.8 |
               +--------+--------+--------+--------+--------+-----+--------+

Top non-repeatable levels by time:
     D:2: 688 daAuts
     D:1: 686 daAuts
     D:3: 654 daAuts
     D:4: 66 daAuts
